 Dungeon Sprint DCSS version 0.30-a0-1160-g6e42c06551 (webtiles) character file.

Game seed: 17156432885347165082

900 fozzywoppz the Martial Artist (level 8, -2/61 HPs)
             Began as an Octopode Transmuter on Apr 26, 2023.
             Was a Follower of Jiyva.
             Slain by a tyrant leech (18 damage)
             ... in the Dungeon (Sprint VII: "The Pits").
             The game lasted 00:06:09 (543 turns).

fozzywoppz the Martial Artist (Octopode Transmuter)  Turns: 543, Time: 00:06:10

Health: -2/61      AC:  2    Str: 11    XL:     8   Next: 7%
Magic:  17/17      EV: 25    Int: 22    God:    Jiyva [*.....]
Gold:   0          SH:  0    Dex: 17    Spells: 9/19 levels left

rFire   . .          .
                       - Unarmed
rCold   . . .        (shield currently unavailable)
rNeg    . . .        (helmet currently unavailable)
rPois   x            (no amulet)
rElec   .            l - +3 ring of intelligence
rCorr   .            m - +3 ring of intelligence
SInv    .            (no ring)
Will    .....        (no ring)
Stlth   ++           (no ring)
HPRegen 1.10/turn    (no ring)
MPRegen 0.40/turn    (no ring)
                     (no ring)

%: no teleportation
@: spider-form, wereblooded
A: venomous fangs, almost no armour, (amphibious), 8 rings, tiny, (camouflage
1), (gelatinous body 1), (nimble swimmer 1), (tentacles)
a: End Transformation, Renounce Religion


You were in the Dungeon.
You worshipped Jiyva.
Jiyva was aware of your devotion.
You were a venomous arachnid creature.
You visited 1 branch

Inventory:

Missiles
 k - 7 poisoned darts
Jewellery
 l - a +3 ring of intelligence (left front pincers)
 m - a +3 ring of intelligence (right front pincers)
Scrolls
 i - 5 scrolls of amnesia
 j - a scroll of summoning
Potions
 a - a potion of lignification
 b - 6 potions of curing
 c - 4 potions of heal wounds
 d - 3 potions of haste
 e - 4 potions of magic
 f - 4 potions of berserk rage
 h - 2 potions of invisibility
 n - 2 potions of mutation


   Skills:
 + Level 8.1 Fighting
 - Level 8.0 Dodging
 + Level 10.0 Unarmed Combat
 - Level 6.0 Spellcasting
 - Level 7.0 Transmutations
 + Level 0.0 Ice Magic
 + Level 0.0 Poison Magic


You had 9 spell levels left.
You knew the following spells:

 Your Spells              Type           Power      Damage    Failure   Level
a - Beastly Appendage     Tmut           74%        N/A       3%          1
b - Wereblood             Tmut           37%        N/A       4%          2
c - Spider Form           Tmut/Pois      22%        N/A       17%         3
d - Ice Form              Ice/Tmut       22%        N/A       43%         4

Your spell library contained the following spells:

 Spells                   Type           Power      Damage    Failure   Level


Dungeon Overview and Level Annotations

Branches:
Dungeon (1/1)

Altars:
Ashenzari
Cheibriados
Dithmenos
Elyvilon
Fedhas
Gozag
Hepliaklqana
Kikubaaqudgha
Makhleb
Nemelex Xobeh
Okawaru
Qazlal
Ru
Sif Muna
Trog
Uskayaw
Vehumet
Wu Jian
Xom
Yredelemnul
Zin
The Shining One
Jiyva
Lugonu


Innate Abilities, Weirdness & Mutations

You are a venomous arachnid creature.
You have venomous fangs.
You are tiny and dextrous.
Your spellcasting is less reliable in this form.
Your armour is entirely melded.
You are incapable of wielding weapons or throwing items.
You cannot wear most types of armour.
((You are amphibious.))
You can wear up to eight rings at the same time.
((Your skin changes colour to match your surroundings (Stealth+).))
((Your rubbery body absorbs attacks. (AC +1, EV +1)))
((You are camouflaged when in or above water. (Stealth+)))
((You have tentacles for arms and can constrict up to eight enemies at once.))


Message History

Okay, then.
You feel much better. The tyrant leech bites you!!
* * * LOW HITPOINT WARNING * * *
The tyrant leech draws strength from your injuries!
The sky beast closely misses you.
A steam dragon comes into view.
The red devil completely misses you.
Unknown command.
Blink to where?
Press: ? - help, Dir - move target
As you read the scroll of blinking, it crumbles to dust.
The barbs in your skin will harm you if you move.
Continue? [Y]es or [N]o only, please.
The barbs in your skin will harm you if you move.
Continue? [Y]es or [N]o only, please.
The barbs in your skin will harm you if you move.
Continue?
Okay, then.
You aren't carrying any items that you can evoke.
You feel much better.
The barbs in your skin will harm you if you move.
Continue?
Okay, then.
You carefully extract the barbed spikes from your body.
The tyrant leech looks more healthy.
You bite the sky beast!
The sky beast looks as sick as possible!
The sky beast is severely wounded.
You hit the tyrant leech but do no damage.
The tyrant leech is poisoned.
The tyrant leech is lightly wounded.
You hit the tyrant leech.
The tyrant leech looks as sick as possible!
The tyrant leech is lightly wounded.
The tyrant leech bites you!!
* * * LOW HITPOINT WARNING * * *
The tyrant leech draws strength from your injuries!
Unknown command.
You feel better.
You feel a bit better.
You kill the sky beast!
The tyrant leech bites you!!
You die...

############ #_________.#
#_________.#
#_______...###########++######
##########'##................#
#.?(.')).'.##......#..#......#
##########.##......o.........+
#...............sw4..........+
#'#####'#####......#..#......#
#.#[[#.....##......Kk.....J..#
#.#))#####'#####'#####''######
#.#))#.....##.......##''#
#.#))#.....##.......##.K4.
#.#..###'####.......##......
#.##'#.....##...<...###.~o.##
#.#...†....##.......# ##''##


You could see a tyrant leech (extremely poisoned), a rime drake, a red devil, an
orc and a kobold.

Vanquished Creatures
  An orange demon (D)
  A flying skull (D)
  A sky beast (D)
  A kobold brigand (D)
  3 bullfrogs (D)
  A scorpion (D)
  A quasit (D)
  A gnoll bouda (D)
  3 gnolls (D)
  2 adders (D)
  A white imp (D)
  A worm (D)
  2 orcs (D)
  A goblin (D)
  A hobgoblin (D)
  A frilled lizard (D)
  A rat (D)
23 creatures vanquished.

Vanquished Creatures (others)
  An acid blob (D)
  A titan (D)
  2 azure jellies (D)
  A great orb of eyes (D)
  A deep troll (D)
  4 jellies (D)
  3 orcs (D)
  An endoplasm (D)
  A rat (D)
15 creatures vanquished.

Grand Total: 38 creatures vanquished

Notes
Turn   | Place    | Note
-------+----------+-------------------------------------------
     0 | D        | fozzywoppz the Octopode Transmuter began the quest for the
                  | Orb.
     0 | D        | Reached XP level 1. HP: 13/13 MP: 3/3
    45 | D        | Found a bloodstained altar of Trog.
    45 | D        | Found a shimmering blue altar of Sif Muna.
    45 | D        | Found a viscous altar of Jiyva.
    45 | D        | Found a hazy altar of Hepliaklqana.
    45 | D        | Found an opulent altar of Gozag.
    46 | D        | Found a glowing golden altar of the Shining One.
    46 | D        | Found a glowing silver altar of Zin.
    46 | D        | Found a basalt altar of Yredelemnul.
    46 | D        | Found a shimmering altar of Xom.
    46 | D        | Found an ornate altar of the Wu Jian Council.
    46 | D        | Found a sacrificial altar of Ru.
    46 | D        | Found a stormy altar of Qazlal.
    46 | D        | Found an iron altar of Okawaru.
    46 | D        | Found a sparkling altar of Nemelex Xobeh.
    46 | D        | Found a burning altar of Makhleb.
    46 | D        | Found a blossoming altar of Fedhas.
    46 | D        | Found a white marble altar of Elyvilon.
    46 | D        | Found a shadowy altar of Dithmenos.
    46 | D        | Found a snail-covered altar of Cheibriados.
    47 | D        | Found a radiant altar of Vehumet.
    47 | D        | Found a corrupted altar of Lugonu.
    48 | D        | Found a hide-covered altar of Uskayaw.
    48 | D        | Found an ancient bone altar of Kikubaaqudgha.
    48 | D        | Found a broken altar of Ashenzari.
    62 | D        | Became a worshipper of Jiyva Josypn the Shapeless
    67 | D        | Killed a titan
    71 | D        | Killed an azure jelly
    72 | D        | Killed an azure jelly
    72 | D        | Killed a great orb of eyes
    74 | D        | Killed a deep troll
    76 | D        | Killed an acid blob
   129 | D        | Noticed a scorpion
   131 | D        | Reached XP level 2. HP: 19/19 MP: 2/5
   137 | D        | Killed a scorpion
   138 | D        | Reached skill level 4 in Unarmed Combat
   138 | D        | Reached XP level 3. HP: 7/26 MP: 2/8
   138 | D        | Reached XP level 4. HP: 9/31 MP: 2/9
   237 | D        | Learned a level 2 spell: Wereblood
   239 | D        | Noticed a flying skull
   255 | D        | Killed a flying skull
   256 | D        | Reached skill level 5 in Fighting
   256 | D        | Reached skill level 5 in Dodging
   256 | D        | Reached skill level 6 in Unarmed Combat
   256 | D        | Reached skill level 5 in Spellcasting
   256 | D        | Reached skill level 5 in Transmutations
   256 | D        | Reached XP level 5. HP: 25/39 MP: 8/12
   312 | D        | Reached XP level 6. HP: 36/45 MP: 10/14
   327 | D        | Reached * piety under Jiyva
   363 | D        | Reached skill level 7 in Unarmed Combat
   371 | D        | Reached XP level 7. HP: 37/50 MP: 14/16
   381 | D        | Reached skill level 8 in Unarmed Combat
   394 | D        | Learned a level 3 spell: Spider Form
   399 | D        | Learned a level 4 spell: Ice Form
   405 | D        | Noticed an orange demon
   418 | D        | Killed an orange demon
   419 | D        | Reached skill level 10 in Unarmed Combat
   419 | D        | Reached XP level 8. HP: 25/61 MP: 17/17
   521 | D        | Noticed a tyrant leech
   521 | D        | Noticed a red devil
   527 | D        | Noticed a rime drake
   532 | D        | HP: 3/61 [tyrant leech (29)]
   543 | D        | Slain by a tyrant leech

Illustrated notes

Levels and vault maps discovered:
D:        pitsprint [storerooms_1, entrance_room_1, metal_vault_2, armoury_3,
          mini_pit_1, grid_room_1, main_hall_1, silver_pit, the_coven_1,
          the_vestibule_1, steel_vault_4, golden_pit, hallway_of_sentries,
          crystal_vault_2, iron_vault_5, final_vault]

Skill      XL: |  1  2  3  4  5  6  7 |
---------------+----------------------+-----
Fighting       | 2 3 5 8 |  8.1
Dodging        | 4 5 6 7 8 |  8.0
Unarmed Combat | 4 6 7 10 | 10.0
Spellcasting   | 3 5 6 |  6.0
Transmutations | 3 5 6 7 |  7.0

Action                     |  1- 3 |  4- 6 |  7- 9 || total
---------------------------+-------+-------+-------++-------
  Melee: Unarmed           |    19 |    34 |    28 ||    81
         Kick              |     9 |    17 |    11 ||    37
         Constrict         |     5 |     9 |     5 ||    19
         Tentacles         |     4 |     3 |     7 ||    14
         Punch             |     2 |       |     2 ||     4
   Cast: Beastly Appendage |     3 |     3 |     2 ||     8
         Wereblood         |       |     3 |     2 ||     5
         Spider Form       |       |       |     1 ||     1
    Use: Potion            |       |     1 |     5 ||     6
         Scroll            |       |       |     1 ||     1
   Stab: Sleeping          |     1 |     1 |       ||     2
 Armour: Skin              |       |     2 |     1 ||     3
  Dodge: Dodged            |     9 |    25 |    29 ||    63

Table legend: (Time is in decaauts)
 A = Elapsed time spent in this place.
 B = Non-inter-level travel time spent in this place.
 C = Inter-level travel time spent in this place.
 D = Time resting spent in this place.
 E = Time spent auto-exploring this place.
 F = Levels seen in this place.
 G = Mean time per level.
                   A        B        C        D        E       F      G
               +--------+--------+--------+--------+--------+-----+--------+
         Total |    532 |    532 |      0 |    157 |      0 |   1 |  532.0 |
       Dungeon |    532 |    532 |      0 |    157 |      0 |   1 |  532.0 |
               +--------+--------+--------+--------+--------+-----+--------+

Top non-repeatable levels by time:
       D: 532 daAuts
